 Dungeon Crawl Stone Soup version 0.29-a0-653-gd47aff6735 (webtiles) character file.

Game seed: 11700018356505730804

50 zeratav the Sneak (level 3, -3/17 HPs)
             Began as a Spriggan Arcane Marksman on June 21, 2022.
             Slain by a gnoll
             ... wielding a +4 halberd
              (16 damage)
             ... on level 2 of the Dungeon.
             The game lasted 00:01:12 (1188 turns).

zeratav the Sneak (Spriggan Arcane Marksman)        Turns: 1188, Time: 00:01:12

Health: -3/17      AC:  2    Str:  6    XL:     3   Next: 55%
Magic:  6/6        EV: 17    Int: 14    God:
Gold:   75         SH:  0    Dex: 17    Spells: 3/4 levels left

rFire   . . .      SeeInvis +   a - +0 shortbow {bow}
rCold   . . .      Faith    .   (shield currently unavailable)
rNeg    . . .      Spirit   .   b - +0 robe
rPois   .          Reflect  .   (helmet restricted)
rElec   .          Harm     .   (no cloak)
rCorr   .          Rampage  .   (gloves unavailable)
Will    .....                   (boots unavailable)
Stlth   +++.......              (no amulet)
HPRegen 0.05/turn               (no ring)
MPRegen 0.10/turn               (no ring)

@: very quick
A: very small, no large weapons, unfitting armour, see invisible, speed 3
a: no special abilities


You were on level 2 of the Dungeon.
You visited 1 branch of the dungeon, and saw 2 of its levels.

You collected 75 gold pieces.


Innate Abilities, Weirdness & Mutations

You are very small and have problems with some larger weapons.
You are too small for most types of armour.
You have supernaturally acute eyesight. (SInv)
You cover ground extremely quickly. (Speed+++)


   Skills:
 - Level 0.7 Fighting
 + Level 2.8 Bows
 - Level 2.6 Dodging
 - Level 5.0 Stealth
 - Level 1.3 Spellcasting
 - Level 3.6 Hexes


You had 3 spell levels left.
You knew the following spells:

 Your Spells              Type           Power      Damage    Failure   Level
a - Slow                  Hex            44%        N/A       6%          1

Your spell library contained the following spells:

 Spells                   Type           Power      Damage    Failure   Level
 Poisonous Vapours        Pois/Air       0%         N/A       36%         2
 Inner Flame              Hex/Fire       6%         N/A       36%         3
 Portal Projectile        Hex/Tloc       12%        N/A       36%         3
 Cause Fear               Hex            5%         N/A       50%         4
 Corpse Rot               Necr/Pois/Air  0%         N/A       94%         4

Inventory:

Hand Weapons
 a - a +0 shortbow (weapon) {bow}
Armour
 b - a +0 robe (worn)
Jewellery
 g - an amulet of faith {!P}
   (You found it on level 1 of the Dungeon)
Wands
 j - a wand of mindburst (16)
   (You found it on level 2 of the Dungeon)
Scrolls
 c - a scroll of vulnerability {!r!r}
 e - a scroll of magic mapping {unknown}
 f - 4 scrolls of identify {unknown}
 k - a scroll of immolation {unknown}
 l - a scroll of enchant armour {unknown}
Potions
 d - 3 potions of heal wounds {unknown}
 h - a potion of attraction {unknown}
 i - a potion of degeneration {unknown}

Dungeon Overview and Level Annotations

Branches:
Dungeon (2/15) Zot: 11217

Altars:

...>g..## .....$g.# #K### ..
#.##.g.### #..##......g.## #
#......##.##..####..
#.####....##g......# #.
###...#.....#.. #####.
####.K@.......
#....(#####..........#.# ######
.......##...####........ ......
..........### #.......# ######
........### #......## ........#
#......# ........##### #......##
[...........########...######
........###....#####.#......#####


You could see 2 gnolls and a kobold.


Message History

No target in view!
You see here a rat corpse. 3 jackals come into view.
You shoot an arrow. The arrow hits the jackal.
You kill the jackal!
The jackal barks! x2
You shoot an arrow. The arrow hits the jackal.
You kill the jackal!
You shoot an arrow. The arrow completely misses the jackal.
You shoot an arrow. The arrow barely misses the jackal.
The jackal closely misses you.
You shoot an arrow. The arrow barely misses the jackal.
The jackal bites you but does no damage.
The jackal misses you.
You shoot an arrow. The arrow closely misses the jackal.
The jackal closely misses you. x2
You shoot an arrow. The arrow barely misses the jackal.
The jackal completely misses you. The jackal misses you.
You shoot an arrow. The arrow closely misses the jackal.
The jackal barely misses you. The jackal bites you.
HP[-1]
You take 1 damage, and now have 16/17 hp.
You shoot an arrow. The arrow hits the jackal.
You kill the jackal!
No target in view!
No target in view!
A bat comes into view.
HP[+1]
Your hp is fully restored (17).
You shoot an arrow. The arrow hits the bat.
You kill the bat!
A frilled lizard comes into view.
You shoot an arrow. The frilled lizard hisses angrily.
The arrow hits the frilled lizard.
You kill the frilled lizard!
No target in view!
A rat comes into view.
You shoot an arrow. The arrow hits the rat!
You kill the rat!
No target in view!
No target in view!
i - a fuming sapphire potion No target in view!
No target in view!
f - 2 scrolls labelled DIRUELE BEIDYRR (gained 1)
j - a wand of mindburst (16)
f - 3 scrolls labelled DIRUELE BEIDYRR (gained 1)
Found a stone staircase leading up.
A goblin comes into view. It is wielding a +0 club.
You shoot an arrow. The arrow hits the goblin.
You kill the goblin!
No target in view!
No target in view!
A hobgoblin comes into view.
A hobgoblin is nearby!
You shoot an arrow.
The arrow completely misses the hobgoblin.
You shoot an arrow. The arrow hits the hobgoblin.
You kill the hobgoblin!
Training target 5.0 for Stealth reached!
Your Stealth skill increases to level 5!
You need to enable at least one skill for training.
k - a scroll labelled SESYUC COOFO
Things that are here:
a +0 club {mace}; a goblin corpse
Found a stone staircase leading up.
You now have 73 gold pieces (gained 9).
Found a slimy ring mail.
f - 4 scrolls labelled DIRUELE BEIDYRR (gained 1)
You now have 75 gold pieces (gained 2).
l - a scroll labelled JUSHRU WIFAUGOSIUDGH 2 gnolls and an adder come into view.
Found 12 gold pieces.
Found a stone staircase leading down.
The adder hisses angrily.
You hear a shout!
A kobold comes into view. It is wielding a +0 club.
A gnoll comes into view. It is wielding a +0 flail.
The gnoll shouts!
You shoot an arrow. The arrow barely misses the kobold.
The gnoll shouts! x2
You shoot an arrow. The arrow hits the gnoll.
A gnoll comes into view. It is wielding a +0 club.
The gnoll moves out of view.
You shoot an arrow. The arrow hits the adder!
You kill the adder!
You shoot an arrow. The gnoll shouts!
The arrow hits the gnoll but does no damage.
The gnoll hits you from afar with a +4 halberd.
HP[-4]
You take 4 damage, and now have 13/17 hp.
MASSIVE DAMAGE!! (PAUSE)
There is a stone staircase leading up here.
You shoot an arrow. The arrow barely misses the gnoll.
You shoot an arrow. The arrow hits the gnoll.
You shoot an arrow. The arrow closely misses the gnoll.
The gnoll closely misses you.
The gnoll hits you from afar with a +4 halberd!
Ouch! That really hurt!
You die...

Skill      XL: |  1  2  3 |
---------------+----------+-----
Stealth        | 2 4 5 |  5.0
Fighting       | |  0.7
Bows           | |  2.8
Dodging        | |  2.6
Spellcasting   | |  1.3
Hexes          | |  3.6

Action                   || total
-------------------------++-------
 Fire: Shortbow          ||    67
Armor: Robe              ||     5
Dodge: Dodged            ||    25

Levels and vault maps discovered:
D:1:      psy_arrival_dodecagon, layout_basic,
          dreamdust_ecumenical_altar_drowned_temple
D:2:      layout_rooms

Notes
Turn   | Place    | Note
-------+----------+-------------------------------------------
     0 | D:1      | zeratav the Spriggan Arcane Marksman began the quest for
                  | the Orb.
     0 | D:1      | Reached XP level 1. HP: 9/9 MP: 3/3
     0 | D:1      | magus.rc [v1.9.6]
    62 | D:1      | You pick up a book of Vapours and begin reading...
    62 | D:1      | You add the spells Poisonous Vapours and Corpse Rot to your
                  | library.
    95 | D:1      | Reached skill level 1 in Stealth
   205 | D:1      | Reached skill level 2 in Stealth
   210 | D:1      | Found a faded altar of an unknown god.
   340 | D:1      | Reached XP level 2. HP: 14/14 MP: 5/5
   390 | D:1      | Reached skill level 3 in Stealth
   986 | D:2      | Reached skill level 4 in Stealth
   993 | D:2      | Reached XP level 3. HP: 17/17 MP: 6/6
  1094 | D:2      | Reached skill level 5 in Stealth
  1188 | D:2      | Slain by a gnoll

Vanquished Creatures
  2 adders (D:2)
  A ball python (D:2)
  2 endoplasms
  A giant cockroach (D:2)
  3 hobgoblins
  3 jackals (D:2)
  4 quokkas (D:1)
  3 bats
  2 frilled lizards
  3 goblins
  2 kobolds (D:1)
  4 rats
  A spectral hobgoblin (D:1)
31 creatures vanquished.

Table legend:
 A = Non-vault XP
 B = Vault XP
 C = Vault XP percentage of total XP
 D = Non-vault monster count
 E = Vault monster count
 F = Vault count percentage of total count
                 A         B        C        D         E       F
            +---------+---------+-------+---------+---------+-------
      Total |      71 |       1 |   1.4 |      30 |       1 |   3.2
            +---------+---------+-------+---------+---------+-------
        D:1 |      23 |       1 |   4.2 |      15 |       1 |   6.2
        D:2 |      48 |       0 |   0.0 |      15 |       0 |   0.0
            +---------+---------+-------+---------+---------+-------

Illustrated notes

Table legend:
 A = Kills in this place as a percentage of kills in entire the game.
 B = Kills by you in this place as a percentage of kills by you in the entire game.
 C = Kills by friends in this place as a percentage of kills by friends in the entire game.
 D = Other kills in this place as a percentage of other kills in the entire game.
 E = Experience gained in this place as a percentage of experience gained in the entire game.
 F = Experience gained in this place divided by the number of levels of this place that you have seen.
                   A       B       C       D       E      F
               +-------+-------+-------+-------+-------+----------------------
         Total | 100.0 | 100.0 |   N/A |   N/A | 100.0 |  36.0
       Dungeon | 100.0 | 100.0 |   N/A |   N/A | 100.0 |  36.0
               +-------+-------+-------+-------+-------+----------------------

Table legend: (Time is in decaauts)
 A = Elapsed time spent in this place.
 B = Non-inter-level travel time spent in this place.
 C = Inter-level travel time spent in this place.
 D = Time resting spent in this place.
 E = Time spent auto-exploring this place.
 F = Levels seen in this place.
 G = Mean time per level.
                   A        B        C        D        E       F      G
               +--------+--------+--------+--------+--------+-----+--------+
         Total |    780 |    751 |     29 |      0 |    622 |   2 |  390.0 |
       Dungeon |    780 |    751 |     29 |      0 |    622 |   2 |  390.0 |
               +--------+--------+--------+--------+--------+-----+--------+

Top non-repeatable levels by time:
     D:1: 619 daAuts
     D:2: 161 daAuts
